[Event "*** Titled Tuesday Blitz"]
[Site "Chess.com"]
[Date "2021.04.06"]
[Round "4"]
[White "DaroZin"]
[Black "mr_gustavo"]
[Result "1/2-1/2"]
[WhiteElo "2590"]
[BlackElo "2395"]
[TimeControl "180+1"]
[EndTime "10:40:41 PDT"]
[Termination "Game drawn by repetition"]

1. e4 e5 2. Nf3 Nc6 3. Bb5 a6 4. Ba4 Nf6 5. Qe2 b5 6. Bb3 Be7 7. O-O O-O 8. d3 d6 9. c3 Na5 10. Bc2 c5 11. Nbd2 Nc6 12. Rd1 Re8 13. Nf1 Bf8 14.
Ng3 g6 15. a4 Rb8 16. axb5 axb5 17. h3 Bg7 18. Be3 Qc7 19. Bb3 Be6 20. Bxe6 Rxe6 21. Qc2 Ree8 22. Qb3 c4 23. Qc2 cxd3 24. Qxd3 Red8 25.
Bg5 h6 26. Bxf6 Bxf6 27. Nf1 Ne7 28. Ne3 b4 29. c4 Rd7 30. Ra6 Rb6 31. Ra8+ Kh7 32.
Rda1 Qc5 33. R1a5 Qc6 34. Nd2 Bg5 35. Nd5 Nxd5 36. exd5 Qc7 37. Ne4 Be7 38. Nd2 f5 39. R8a6 Rxa6 40. Rxa6 e4 41. Qd4 Bg5 42. Nb3 Rf7 43.
Rc6 Qd7 44. Qb6 Bf4 45. g3 Be5 46. Nd4 f4 47. g4 f3 48. Ne6 Qe7 49. Rc7 Qf6 50.
Qb7 Rxc7 51. Qxc7+ Kg8 52. Qc8+ Kh7 53. Nf8+ Kg7 54.
Ne6+ Kh7 55. Qd7+ Kg8 56. Qe8+ Kh7 57. Qd7+ Kg8 58. Qc8+ Kh7 1/2-1/2

[Event "*** Titled Tuesday Blitz"]
[Site "Chess.com"]
[Date "2021.04.06"]
[Round "4"]
[White "German_Bazeev"]
[Black "swisspower96"]
[Result "1-0"]
[WhiteElo "2802"]
[BlackElo "2549"]
[TimeControl "180+1"]
[EndTime "10:40:42 PDT"]
[Termination "German_Bazeev won by resignation"]

1. d4 Nf6 2. Nf3 d5 3. c4 e6 4. g3 Bb4+ 5. Bd2 Be7 6. Bg2 O-O 7. Qc2 Nbd7 8. O-O c6 9. Rc1 a5 10. a3 Re8 11. e3 Bd6 12. Be1 Rb8 13. c5 Bc7 14. b4 e5 15. b5 cxb5 16. Nc3 b4 17.
Nb5 e4 18. Nd2 bxa3 19. Rxa3 Nf8 20. Nb3 b6 21. Nxc7 Qxc7 22. cxb6 Qxc2 23. Rxc2 N8d7 24. Nxa5 Rxb6 25. Ra1 Ba6 26. Nc6 h5 27. Ba5 Rb3 28. Bc7 Bd3 29. Rcc1 Kh7 30. h3 Rc8 31. Ne7 Re8 32.
Bd6 Rb6 33. Ba3 Re6 34. Nf5 g6 35. Nd6 R8e7 36. Rc8 Kg7 37. Rac1 Nb6 38. R8c7 Rxc7 39. Rxc7 Nbd7 40. Bc5 Kg8 41. h4 Ba6 42. Bh3 Re7 43. Nf5 Re8 44. Nh6+ Kg7 45. Bxd7 Nxd7 46. Rxd7 Kxh6 47. Rxf7 Rb8 48. g4 hxg4 49. Bd6 g5 50. Bxb8 gxh4 51. Ra7 h3 52. Bf4+ Kh5 53. Rxa6 g3 54. fxg3 Kg4 55. Kh2 Kf3 56. Kxh3 1-0

[Event "*** Titled Tuesday Blitz"]
[Site "Chess.com"]
[Date "2021.04.06"]
[Round "4"]
[White "Cptn2"]
[Black "RobertoJBM"]
[Result "1/2-1/2"]
[WhiteElo "2524"]
[BlackElo "2703"]
[TimeControl "180+1"]
[EndTime "10:40:42 PDT"]
[Termination "Game drawn by repetition"]

1. e4 c6 2. Nf3 d5 3. Nc3 dxe4 4. Nxe4 Bg4 5. Ng3 Nd7 6. h3 Bxf3 7. Qxf3 e6 8. d4 Ngf6 9. Bd3 Bd6 10. O-O O-O 11. Rd1 Qc7 12. Nh5 Nxh5 13. Qxh5 g6 14. Qf3 Rfe8 15.
Bh6 Bf8 16. Bf4 Bd6 17. Bh6 Rad8 18. h4 Bf8 19. Bg5 Be7 20. Bxe7 Rxe7 21. h5 Qa5 22. hxg6 hxg6 23. g3 Kg7 24. Kg2 Nf6 25. c3 Qd5 26. Be2 Qxf3+ 27. Bxf3 Red7 28. b4 a5 29. Rab1 axb4 30.
Rxb4 Ra8 31. a4 Ra7 32. Rdb1 Kf8 33. a5 Ke7 34. a6 bxa6 35. Bxc6 Rdc7 36. Rb6 Nd7 37.
Bxd7 Kxd7 38. R1b3 a5 39. Kf3 a4 40. Ra3 Rc6 41. Rb4 Rac7 42. Rbxa4 Rxc3+ 43. Rxc3 Rxc3+ 44. Ke4 Ke7 45. d5 exd5+ 46. Kxd5 Rc2 47. Rf4 f5 48. g4 Kf6 49. gxf5 gxf5 50. Kd4 Re2 51. Kd3 Re8 52. Rf3 Kg5 53. Re3 Ra8 54. Ke2 Ra2+ 55. Kf1 Kf4 56. Kg2 Ra4 57. Rf3+ Kg5 58. Rg3+ Kf6 59. Rb3 Rg4+ 60. Kf3 Kg5 61. Rb8 Ra4 62. Rg8+ Kf6 63. Rf8+ Ke5 64. Re8+ Kf6 65. Rb8 Kg5 66. Rg8+ Kf6 67.
Rf8+ Ke5 68. Re8+ Kf6 69. Rf8+ 1/2-1/2

[Event "*** Titled Tuesday Blitz"]
[Site "Chess.com"]
[Date "2021.04.06"]
[Round "4"]
[White "rynos0411"]
[Black "TheCount"]
[Result "1-0"]
[WhiteElo "2457"]
[BlackElo "2587"]
[TimeControl "180+1"]
[EndTime "10:40:42 PDT"]
[Termination "rynos0411 won on time"]

1. d4 Nf6 2. c4 g6 3. Nc3 d5 4.
cxd5 Nxd5 5. Na4 Bf5 6. Nf3 Bg7 7. Bd2 O-O 8. e3 Nb6 9. Nc5 N8d7 10. Nxb7 Qb8 11. Na5 c5 12. Be2 Rc8 13. Bc3 Nd5 14. O-O cxd4 15. Bxd4 e5 16. Bxe5 Nxe5 17. Qxd5 Qxb2 18.
Nxe5 Bxe5 19. Bf3 Be6 20. Qe4 Qxa1 21. Rxa1 Bxa1 22. g3 Rc1+ 23. Kg2 Rac8 24. Nb3 Bxb3 25. axb3 Bf6 26. Qb7 R8c7 27. Qa6 Kg7 28. Bd5 Ra1 29. Qd3 Rd7 30. Qe4 Re7 31. Qf3 h5 32. h4 a5 33. Bc4 Rd7 34. Qe4 Re7 35. Qc6 Ra7 36.
Qd5 Re7 37. Qc5 a4 38. bxa4 Rxa4 39. Qd5 Raa7 40. Be2 Rad7 41. Qf3 Rc7 42. Bd3 Red7 43. Be4 Rd6 44. Bd5 Rcd7 45. e4 Re7 46. Qb3 Ra6 47. f4 Rc7 48. e5 Be7 49. Bxf7 Ra3 50. Qe6 Rc2+ 51. Kh3 1-0

[Event "*** Titled Tuesday Blitz"]
[Site "Chess.com"]
[Date "2021.04.06"]
[Round "4"]
[White "kai_nov"]
[Black "Klavdia_Nik"]
[Result "1-0"]
[WhiteElo "2263"]
[BlackElo "2022"]
[TimeControl "180+1"]
[EndTime "10:40:42 PDT"]
[Termination "kai_nov won on time"]

1. d4 Nf6 2. c4 c5 3. d5 b5 4.
cxb5 a6 5. bxa6 Bxa6 6. Nc3 g6 7. e4 Bxf1 8. Kxf1 d6 9. Nf3 Bg7 10. h3 O-O 11. Kg1 Nbd7 12. Kh2 Qa5 13. Re1 Ne8 14. Bg5 f6 15. Bd2 Nc7 16. b3 Rfb8 17. Rc1 Nb5 18. Nxb5 Qxb5 19. Rc2 Ra7 20. Re2 Ne5 21. Nxe5 fxe5 22. Bg5 Bf6 23. Qd2 Qd7 24. Bxf6 exf6 25. f4 Rb4 26. fxe5 fxe5 27. Qg5 Kg7 28. Rf2 Qe7 29.
Qg4 Ra8 30. Rf1 Rbb8 31. Rcf2 Rf8 32. Rf3 h5 33. Qg3 Rxf3 34. Qxf3 Rxa2 35. Qc3 Qg5 36. Qf3 Qf4+ 37. Qxf4 exf4 38. Rxf4 Rb2 39. Rf3 Re2 40. Rf4 g5 41. Rf5 Kg6 42. Rf8 Rxe4 43. Rd8 Kf5 44. Rxd6 Rd4 45. Rh6 h4 46. d6 Ke4 47. Rg6 Kd3 48.
Rxg5 1-0

[Event "*** Titled Tuesday Blitz"]
[Site "Chess.com"]
[Date "2021.04.06"]
[Round "4"]
[White "Snegokhod"]
[Black "Onischuk_V"]
[Result "1-0"]
[WhiteElo "2576"]
[BlackElo "2846"]
[TimeControl "180+1"]
[EndTime "10:40:43 PDT"]
[Termination "Snegokhod won on time"]

1. d4 d6 2. e4 Nf6 3. f3 e5 4. Ne2 Be7 5. c4 O-O 6. Nbc3 Nfd7 7. Be3 c5 8. dxe5 dxe5 9. Qd2 Nc6 10. O-O-O Nd4 11.
Kb1 b5 12. Nxb5 Nb6 13. Nec3 a6 14. Na3 Be6 15. Nd5 Rb8 16. Ka1 Bd6 17. Bd3 Na4 18. b3 Rxb3 19. axb3 Nxb3+ 20. Ka2 Nxd2 21. Bxd2 Bxd5 22.
exd5 e4 23. Bc2 e3 24. Be1 Nb6 25. Ba5 Qg5 26. Bxb6 Qxg2 27. Rhe1 Re8 28. Kb3 Qxf3 29. Ba5 g6 30. Ka2 f5 31. Bd3 Qg2+ 32. Re2 Qg4 33. Nc2 f4 34. Rde1 Qd7 35. Ka3 Rb8 36. Nxe3 fxe3 37. Rxe3 Qg4 38. Bc3 Qf4 39. h3 Qf8 40.
Rf1 Qd8 41. Re6 Qb6 42. Bc2 Qd8 43. h4 a5 44. h5 g5 45. h6 a4 46. Bxa4 Qb6 47.
Rff6 Qa6 48. Rxd6 Qxc4 49. Rf3 Qe2 50. Rdf6 g4 51. Rg3 1-0

[Event "*** Titled Tuesday Blitz"]
[Site "Chess.com"]
[Date "2021.04.06"]
[Round "4"]
[White "Dave_ChessMate"]
[Black "Zhigalko_Sergei"]
[Result "0-1"]
[WhiteElo "2483"]
[BlackElo "2906"]
[TimeControl "180+1"]
[EndTime "10:40:43 PDT"]
[Termination "Zhigalko_Sergei won by resignation"]

1. e4 c5 2. Nc3 Nc6 3. Bb5 Nd4 4. Nf3 e6 5. O-O a6 6. Bd3 Nxf3+ 7. Qxf3 Bd6 8. Qh3 Qc7 9. b3 Ne7 10. Bb2 Ng6 11.
g3 b5 12. Bxb5 h5 13. Be2 h4 14. Qg4 Bb7 15. d3 Be5 16. Na4 O-O-O 17. c3 Rh6 18. d4 f5 19. Qg5 Bf6 20. Qe3 hxg3 21. fxg3 Rdh8 22. Rf2 Bxe4 23. Nxc5 Ba8 24. Bxa6+ Kd8 25.
d5 Ne5 26. Be2 Bxd5 27. Rd1 Rh3 28. Na6 Ng4 29. Bxg4 Rxg3+ 30. Kf1 Rxe3 31. Nxc7 Kxc7 32. Bxf5 Bf3 33. Rd3 Rxd3 34. Bxd3 Bc6 35. c4 Rh3 36. Bxf6 gxf6 37. Be2 f5 38. a4 Rxb3 39. h4 Ra3 40. Kg1 Rxa4 41. h5 Kd6 42. h6 Ra1+ 43. Kh2 Rh1+ 44.
Kg3 Rxh6 45. Bf1 Kc5 46. Rd2 Rg6+ 47. Kf4 Rg4+ 48. Ke5 Re4+ 49. Kf6 Rf4 50. Rb2 Rxf1 0-1

[Event "*** Titled Tuesday Blitz"]
[Site "Chess.com"]
[Date "2021.04.06"]
[Round "4"]
[White "WinOrTilt"]
[Black "retropwr"]
[Result "1-0"]
[WhiteElo "2246"]
[BlackElo "2420"]
[TimeControl "180+1"]
[EndTime "10:40:43 PDT"]
[Termination "WinOrTilt won by checkmate"]

1. d4 d6 2. Nf3 g6 3. g3 Bg7 4. Bg2 Nd7 5. O-O e5 6. dxe5 dxe5 7. e4 Ne7 8. Nc3 O-O 9. Be3 c6 10. Qd6 Nb6 11. Qxd8 Rxd8 12. Bxb6 axb6 13. Rad1 Be6 14.
b3 f6 15. Na4 b5 16. Nc5 Rxd1 17.
Rxd1 Kf7 18. Nxb7 Bg4 19. Ra1 b4 20. Nc5 Bf8 21. Nd3 Nc8 22. Ndxe5+ fxe5 23. Nxe5+ Ke7 24. Nxg4 Bg7 25. e5 h5 26. Nf6 Ra6 27. Rd1 Bxf6 28.
exf6+ Kxf6 29. Rd8 Ne7 30. Rd6+ Ke5 31. Rd7 Nd5 32.
Bf1 Rxa2 33. Bd3 Nf6 34. Rc7 Kd6 35. Rg7 Nd5 36. Rxg6+ Kc5 37. Rg5 Kd4 38. Rxh5 c5 39. Kg2 Ra1 40. Rh4+ Kc3 41. Rc4+ Kd2 42. Rxc5 Nc3 43. h4 Re1 44. h5 Re6 45. g4 Nd1 46. g5 Re8 47. h6 Rf8 48. h7 Rxf2+ 49. Kg3 Rf8 50. g6 Ne3 51. g7 Nf1+ 52. Bxf1 Rf7 53. g8=Q Rg7+ 54. Qxg7 Kc1 55. Qa1+ Kd2 56. Rd5+ Ke3 57.
Qe5# 1-0

[Event "*** Titled Tuesday Blitz"]
[Site "Chess.com"]
[Date "2021.04.06"]
[Round "4"]
[White "thechesscorner64"]
[Black "lacafi"]
[Result "1-0"]
[WhiteElo "2421"]
[BlackElo "2205"]
[TimeControl "180+1"]
[EndTime "10:40:43 PDT"]
[Termination "thechesscorner64 won by resignation"]

1. e4 c6 2. d4 d5 3. exd5 cxd5 4.
c4 Nf6 5. Nc3 Nc6 6. Nf3 g6 7.
Qb3 dxc4 8. Bxc4 e6 9. Bg5 Be7 10. O-O O-O 11. Qd1 a6 12. a4 b6 13. Bh6 Re8 14. Re1 Qc7 15. Rc1 Bf8 16. Bxf8 Kxf8 17. d5 exd5 18. Rxe8+ Kxe8 19. Nxd5 Qd6 20. Nxb6 Qxd1+ 21. Rxd1 Rb8 22. Nxc8 Rxc8 23. Bxa6 Rc7 24. Bb5 Ke7 25. h4 Nb4 26. Re1+ Kf8 27. Ng5 h6 28. Nf3 Nfd5 29. Re8+ Kg7 30. Ne5 Kf6 31. f3 Rc2 32.
Ng4+ Kg7 33. Rd8 Rxb2 34. Rd7 Nf4 35. Ne3 Kf6 36. Bc4 Re2 37. Rxf7+ Ke5 38. Bxe2 Nxe2+ 39. Kf2 Nd4 40. a5 Nd3+ 41. Kg3 Nc6 42. a6 g5 43. hxg5 hxg5 44. Rc7 Kd6 45. Rh7 Nf4 46. Rh6+ Kc7 47.
Nd5+ Nxd5 48. Kg4 Nde7 49. Rh7 Kb6 50. Kxg5 Kxa6 51. Kf6 Kb6 52. Rxe7 Nxe7 53. Kxe7 1-0

[Event "*** Titled Tuesday Blitz"]
[Site "Chess.com"]
[Date "2021.04.06"]
[Round "4"]
[White "lagedema"]
[Black "chessablanca"]
[Result "0-1"]
[WhiteElo "2599"]
[BlackElo "2498"]
[TimeControl "180+1"]
[EndTime "10:40:45 PDT"]
[Termination "chessablanca won on time"]

1. d4 Nf6 2. Bg5 e6 3. e4 h6 4. Bxf6 Qxf6 5. c3 g6 6. Bd3 Bg7 7. Ne2 d6 8. O-O Nd7 9. f4 Qe7 10. Nd2 e5 11. Nf3 O-O 12. Qd2 exd4 13. cxd4 c5 14.
Rae1 cxd4 15. Nexd4 Nc5 16. Bc2 Bg4 17. b4 Ne6 18.
Bb3 Rac8 19. f5 Nxd4 20. Nxd4 Kh7 21. h3 Qe5 22. Nc2 Bh5 23. g4 Bf6 24. gxh5 gxh5 25. Kh1 Bh4 26. Re2 Bg5 27. Qd5 Qg3 28. Rh2 Bf4 29. Rg2 Qxh3+ 30. Kg1 Bh2+ 31. Kh1 Bf4+ 32. Kg1 Bh2+ 33. Kf2 Bf4 34. Rfg1 Be5 35. Ke2 Rc3 36. f6 Qf3+ 37. Ke1 Bxf6 38. Qf5+ Qxf5 39. exf5 Bh4+ 40.
Kd2 Rf3 41. Nd4 Rf2+ 42. Kd3 Rxg2 43. Rxg2 Bf6 44. Ne2 h4 45. Nc3 Be5 46. Ne4 h3 47. Rg1 h2 48. Rh1 Rg8 49. Bxf7 Rg1 50. Nf2 Rg2 51.
Ke3 Bg3 52. Ne4 Be5 53. Kf3 Rxa2 0-1

[Event "*** Titled Tuesday Blitz"]
[Site "Chess.com"]
[Date "2021.04.06"]
[Round "4"]
[White "elohunter1999"]
[Black "1977Ivan"]
[Result "0-1"]
[WhiteElo "2535"]
[BlackElo "2755"]
[TimeControl "180+1"]
[EndTime "10:40:46 PDT"]
[Termination "1977Ivan won on time"]

1. d4 Nf6 2. c4 c5 3. d5 g6 4. Nc3 Bg7 5. e4 d6 6. Nf3 O-O 7. h3 a6 8. Bd3 b5 9. cxb5 axb5 10. Nxb5 Na6 11. Nc3 Nb4 12. Bc4 Ba6 13. Bxa6 Rxa6 14.
O-O Qa8 15. a4 Rb8 16. Qe2 Ne8 17. Ra3 Nc7 18. Bg5 e6 19. dxe6 Nxe6 20. Be3 Nd4 21.
Bxd4 cxd4 22. Nb5 d3 23. Qd2 Rxa4 24. Rxa4 Qxa4 25. Nxd6 Qc2 26. Rd1 Bxb2 27. e5 Qxd2 28. Rxd2 Bc3 29. Rd1 Ra8 30. Ne4 Bb2 31. Nc5 Rd8 32.
Ne1 d2 33. Nf3 Bc1 34. Nb3 Na2 35. Nbxd2 Nc3 36. Rxc1 Ne2+ 37. Kh2 Nxc1 38. Ne4 Nd3 39. g4 h6 40. Kg3 Kf8 41. h4 Ke7 42. g5 h5 43. Nf6 Ra8 44. Nd2 Ra3 45. Nc4 Rb3 46.
Ne3 Nxe5 47. Nd5+ Ke6 48. Kf4 Nd3+ 49. Ke4 Nxf2+ 50. Kd4 Rd3+ 51. Kc4 Rd2 52. Nf4+ Ke5 53. Nfd5 Ke4 54. Kc5 Nd3+ 55. Kd6 Nf4 56. Ke7 Nxd5+ 57. Nxd5 Rxd5 58. Kxf7 Kf5 0-1

[Event "*** Titled Tuesday Blitz"]
[Site "Chess.com"]
[Date "2021.04.06"]
[Round "4"]
[White "Semetey"]
[Black "ybruned"]
[Result "1-0"]
[WhiteElo "2518"]
[BlackElo "2331"]
[TimeControl "180+1"]
[EndTime "10:40:48 PDT"]
[Termination "Semetey won by checkmate"]

1. e4 b6 2. Nc3 Bb7 3. d4 e6 4. Bd3 Bb4 5. Ne2 Nf6 6. O-O O-O 7. e5 Nd5 8. Ne4 f5 9. exf6 Nxf6 10. Bg5 Be7 11. N4g3 Nc6 12. c3 Nd5 13. Bd2 Bd6 14. Qc2 Qh4 15. Rae1 Rae8 16. a3 Nce7 17.
Be4 Ba8 18. c4 Nf6 19. Bxa8 Rxa8 20. c5 Bxg3 21. hxg3 Qe4 22. Qc1 Qf5 23. Bf4 Ned5 24. Be5 bxc5 25. Bxf6 Rxf6 26. dxc5 Rh6 27. f3 Rf8 28. c6 d6 29. Nd4 Qh5 30. Nxe6 Re8 31. Nf4 Nxf4 32. Rxe8+ Qxe8 33. Qxf4 Rf6 34. Qc4+ Kh8 35.
Kf2 Re6 36. Qd3 h6 37. Rd1 Re5 38. Rd2 Qxc6 39. Rc2 Qb6+ 40. Kf1 Rc5 41. b4 Rxc2 42. Qxc2 Qa6+ 43. Kf2 Qxa3 44. Qxc7 Qxb4 45. Qxa7 Qd2+ 46. Kg1 Qe1+ 47. Kh2 Qe5 48. Qa8+ Kh7 49. Qc8 d5 50. Qc2+ Kh8 51. f4 Qe4 52. Qc8+ Kh7 53. f5 Qe5 54.
Qd7 d4 55. Kh3 Qf6 56. Qd5 Kh8 57. g4 Kh7 58. Kg3 Kh8 59. Kf3 Kh7 60. g3 Kh8 61. Ke4 Qg5 62. Qxd4 Qxg4+ 63. Ke5 Qxg3+ 64. Ke6 Qe1+ 65. Kf7 Qf1 66. Qxg7# 1-0

[Event "*** Titled Tuesday Blitz"]
[Site "Chess.com"]
[Date "2021.04.06"]
[Round "4"]
[White "Rish_97"]
[Black "steka121"]
[Result "0-1"]
[WhiteElo "2688"]
[BlackElo "2348"]
[TimeControl "180+1"]
[EndTime "10:40:50 PDT"]
[Termination "steka121 won by resignation"]

1. e4 d5 2. exd5 Qxd5 3. Nc3 Qd8 4. d4 Nf6 5. Nf3 c6 6. Bc4 b5 7.
Bb3 e6 8. O-O Be7 9. Qe2 O-O 10.
Rd1 a5 11. a4 b4 12. Ne4 Ba6 13. Nxf6+ Bxf6 14. Bc4 Bxc4 15. Qxc4 Qd5 16. Qe2 c5 17. dxc5 Qxc5 18. Be3 Qc7 19. Nd4 Bxd4 20. Rxd4 Nc6 21.
Rc4 Rfc8 22. Rd1 Rd8 23. h4 Rxd1+ 24. Qxd1 Rc8 25. h5 h6 26. Qg4 Kh8 27. Qe4 Qd7 28. g3 Ne7 29. Rxc8+ Qxc8 30. Bb6 Nd5 31. Bd4 f6 32. Qd3 Qc6 33. b3 Kg8 34. Qc4 Qxc4 35. bxc4 Ne7 36. Bb6 Nc6 37. c5 e5 38. Kf1 Kf7 39.
Ke2 Ke6 40. Kd3 Kd5 41. f3 f5 42. g4 e4+ 43. Ke3 exf3 44. gxf5 Nd4 45. Bxa5 Nxc2+ 46. Kxf3 b3 47. Bc3 Kxc5 48. Ke2 Nd4+ 49. Kd3 Nxf5 50. a5 Kb5 51. Ke4 Ng3+ 52. Kf4 Nxh5+ 53. Kf5 Nf6 54. Kg6 h5 55. Kxg7 h4 56. Kxf6 h3 57. Be5 b2 0-1

[Event "*** Titled Tuesday Blitz"]
[Site "Chess.com"]
[Date "2021.04.06"]
[Round "4"]
[White "LawrenceTrent"]
[Black "queen_iryna"]
[Result "1-0"]
[WhiteElo "2550"]
[BlackElo "2323"]
[TimeControl "180+1"]
[EndTime "10:40:50 PDT"]
[Termination "LawrenceTrent won by resignation"]

1. d4 d6 2. Nc3 Nf6 3. e4 e5 4.
Nf3 Nbd7 5. g4 d5 6. exd5 e4 7. Ne5 Bb4 8. Bd2 Bxc3 9. bxc3 Nxe5 10. dxe5 Nxg4 11. e6 Qh4 12. Qe2 fxe6 13. Rg1 exd5 14. O-O-O O-O 15. Be1 Qh6+ 16. Kb2 Ne5 17. Rxd5 Nf3 18.
Rg3 Bf5 19. Bd2 Nxd2 20. Rxd2 Rad8 21. Rxd8 Rxd8 22. Qc4+ Kh8 23. Qxc7 Qb6+ 24. Qxb6 axb6 25. f3 exf3 26. Rxf3 g6 27. Bd3 Rd5 28. c4 Re5 29. Kc3 Kg7 30. Kd4 Kf6 31. Bxf5 gxf5 32. Rh3 Re4+ 33.
Kd5 Kg6 34. Rb3 Re2 35. Rxb6+ Kg5 36. Rxb7 Rxc2 37. Rxh7 f4 38. h4+ Kg4 39. h5 Rxa2 40. Rf7 f3 41. h6 Rh2 42. h7 Kg3 43. c5 f2 44. c6 Kg2 45. c7 Rh5+ 46. Kd4 Rxh7 47.
Rxh7 f1=Q 48. c8=Q Qd1+ 49. Ke5 Qa1+ 50. Ke6 Qe1+ 51. Kf7 Qf2+ 52. Kg8 Qa2+ 53. Rf7 Kg3 54. Qc7+ Kg4 55. Qf4+ Kh3 56. Qf3+ Kh4 57. Qf2+ 1-0

[Event "*** Titled Tuesday Blitz"]
[Site "Chess.com"]
[Date "2021.04.06"]
[Round "4"]
[White "Trankuilizer"]
[Black "The_Machine04"]
[Result "1-0"]
[WhiteElo "2601"]
[BlackElo "2442"]
[TimeControl "180+1"]
[EndTime "10:40:51 PDT"]
[Termination "Trankuilizer won by checkmate"]

1. e4 d6 2. d4 Nf6 3. Nc3 e5 4. Nf3 Nbd7 5. Bc4 Be7 6. O-O c6 7. a4 Qc7 8. Re1 h6 9. a5 Nf8 10. b4 Ng6 11. Bb3 Bg4 12. d5 Nh4 13. dxc6 bxc6 14. b5 Bxf3 15. gxf3 cxb5 16. Nxb5 Qd7 17. Re3 O-O 18. Qf1 Nh5 19. Ba3 a6 20. Nc3 Nf4 21. Nd5 Bg5 22. Nb6 Qe7 23. Nxa8 Rxa8 24. Rd1 Rd8 25.
Kh1 Qf6 26. Rc3 Nfg2 27. Rdd3 Bf4 28. Rc7 Qg5 29. Rxf7 Kh8 30. Rf5 Nxf5 31. Qxg2 Qxg2+ 32. Kxg2 Nd4 33. Bc4 Rc8 34. Bxa6 Ra8 35. Bb7 Rxa5 36. Bxd6 Nxc2 37. Rc3 Nd4 38. Rc8+ Kh7 39. Bd5 Ra2 40. Bxa2 Kg6 41. Rf8 h5 42. Bf7+ Kh6 43. Be7 g5 44. Rg8 g4 45. Bf8+ Kh7 46. Rg7+ Kh8 47. Bxh5 gxf3+ 48. Bxf3 Nxf3 49. Kxf3 Bh6 50. Rf7 Bf4 51. Rxf4 exf4 52. Kxf4 Kg8 53. Bd6 Kf7 54. e5 Ke6 55. h4 Kd7 56. h5 Ke6 57. Ke4 Kf7 58. f4 Ke6 59. f5+ Kd7 60. h6 Kc6 61. h7 Kd7 62.
h8=Q Kc6 63. Qc8+ Kb6 64. Qc7+ Kb5 65. Qb7+ Ka4 66. Qb4# 1-0

[Event "*** Titled Tuesday Blitz"]
[Site "Chess.com"]
[Date "2021.04.06"]
[Round "4"]
[White "Brave_spirit12"]
[Black "K_A_S_T_O_R"]
[Result "1-0"]
[WhiteElo "2565"]
[BlackElo "2787"]
[TimeControl "180+1"]
[EndTime "10:40:52 PDT"]
[Termination "Brave_spirit12 won by resignation"]

1. e4 c5 2. c3 Nf6 3. e5 Nd5 4. d4 cxd4 5. cxd4 d6 6. Nf3 Nc6 7. Nc3 dxe5 8. Nxe5 Nxc3 9. bxc3 Nxe5 10. dxe5 Qxd1+ 11. Kxd1 Bd7 12. Kc2 Bc6 13. Be3 e6 14. f3 a6 15. a4 O-O-O 16. a5 Rd5 17. Bd4 Bc5 18. Bc4 Rxd4 19. cxd4 Bxd4 20. Rae1 Kc7 21. Kb3 Rd8 22. Rhf1 h5 23. h4 Rb8 24. g4 b6 25. axb6+ Rxb6+ 26. Kc2 Rb2+ 27. Kd3 Bc5 28. Bxa6 Bb4 29. Rc1 Kb6 30. Rb1 Rd2+ 31. Ke3 Kxa6 32. Rxb4 Ra2 33. gxh5 Ra3+ 34. Kf4 Ka7 35. Rc1 Bd5 36. Rc7+ Ka6 37. Re4 Bxe4 38. fxe4 Rh3 39. Kg4 Re3 40. Rxf7 Rxe4+ 41. Kg5 Rxe5+ 42. Kg6 Re4 43. Kxg7 Rxh4 44. h6 Kb5 45.
Re7 Rg4+ 46. Kh8 Kc6 47. Rxe6+ Kd7 48. Re1 Kd8 49. Re6 Kd7 50. Re3 Kd8 51. Re2 Kd7 52. Kh7 Kd8 53. Re6 Kd7 54. Rg6 Re4 55. Rg7+ Ke8 56. Kg8 Rf4 57. Rg1 Rf8+ 58. Kg7 Rf7+ 59.
Kg6 Rf8 60. h7 Ke7 61. Re1+ Kd6 62. Kg7 1-0

[Event "*** Titled Tuesday Blitz"]
[Site "Chess.com"]
[Date "2021.04.06"]
[Round "4"]
[White "suneebaker"]
[Black "Sjakkerntobi"]
[Result "0-1"]
[WhiteElo "2123"]
[BlackElo "2395"]
[TimeControl "180+1"]
[EndTime "10:40:52 PDT"]
[Termination "Sjakkerntobi won on time"]

1. e4 e6 2. Nf3 d5 3. Nc3 d4 4. Ne2 c5 5. b4 Nc6 6. bxc5 Bxc5 7. c3 dxc3 8. Nxc3 Nf6 9. d4 Bb4 10. Bd2 O-O 11. e5 Bxc3 12. Bxc3 Nd5 13. Bd2 b6 14. Bd3 h6 15. Qe2 Ndb4 16. Be4 Ba6 17. Qe3 Rc8 18. a3 Nd5 19. Qb3 Na5 20. Bxa5 bxa5 21. Kd2 Nb6 22. Rhc1 a4 23. Qb4 Rc4 24. Rxc4 Nxc4+ 25. Ke1 Qd7 26. Rc1 Rc8 27. Bd3 Qd5 28. Ke2 Rc6 29.
Qb8+ Rc8 30. Qxa7 Rc6 31. Qa8+ Rc8 32. Qxd5 exd5 33. Bxc4 Bxc4+ 34. Kd2 Rb8 35. Rd1 Rb3 36. Ne1 Rxa3 37. Rb1 Ra2+ 38. Ke3 a3 39. Rb8+ Kh7 40.
Ra8 Re2+ 41. Kf3 Rxe1 42. Rxa3 Rd1 43. Ra7 Rxd4 44. Rxf7 Kg6 45. Rd7 Re4 46. Kg3 Rxe5 47. f4 Re3+ 48. Kf2 Re2+ 49. Kf3 Re8 50. g4 Kf6 51. h4 Be2+ 52. Kg3 Ke6 53. Rxg7 d4 0-1

[Event "*** Titled Tuesday Blitz"]
[Site "Chess.com"]
[Date "2021.04.06"]
[Round "4"]
[White "Hard_Utilizator"]
[Black "PavelShkapenko"]
[Result "1/2-1/2"]
[WhiteElo "2503"]
[BlackElo "2722"]
[TimeControl "180+1"]
[EndTime "10:40:54 PDT"]
[Termination "Game drawn - insufficient material"]

1. e4 e5 2. Nf3 Nc6 3. d4 exd4 4. Nxd4 Bc5 5. Be3 Qf6 6. c3 Nge7 7. Bc4 O-O 8. O-O Qg6 9. Nxc6 Qxc6 10. Bxc5 Qxc5 11.
Nd2 d6 12. b4 Qe5 13. Qb3 Qf4 14. Rad1 Nc6 15. g3 Qh6 16. f4 Bg4 17. Rde1 a5 18.
a3 Qg6 19. Nf3 Bxf3 20. Rxf3 axb4 21. axb4 Rfe8 22. Rfe3 Re7 23. Bd5 Qf6 24. b5 Na5 25. Qa4 Ra7 26. Qd4 Qxd4 27. cxd4 c6 28. bxc6 Nxc6 29. e5 dxe5 30. dxe5 Ra5 31. Bxc6 bxc6 32. Rd3 h5 33. Rc1 c5 34. Rdc3 Rc7 35. Kg2 Kf8 36. Kf3 Ke7 37. h3 g6 38. g4 hxg4+ 39. hxg4 Ke6 40.
Ke4 Ra4+ 41. Rc4 Rxc4+ 42. Rxc4 f5+ 43. exf6 Kxf6 44. Kd5 Rd7+ 45. Kxc5 Rd1 46. Rd4 Rc1+ 47. Kd5 Rg1 48. Ke4 Rxg4 49. Rd6+ Ke7 50. Rd5 Rg1 51. Kf3 Kf6 52. Rd6+ Kf7 53. Rd7+ Ke6 54. Rd2 Rh1 55.
Kg2 Rh5 56. Kg3 Kf5 57. Rd5+ Kf6 58. Rxh5 gxh5 59. Kh4 Kf5 60. Kxh5 Kxf4 1/2-1/2

[Event "*** Titled Tuesday Blitz"]
[Site "Chess.com"]
[Date "2021.04.06"]
[Round "4"]
[White "Kostya_Nikologorskiy"]
[Black "Chigorinetz"]
[Result "1-0"]
[WhiteElo "2677"]
[BlackElo "2507"]
[TimeControl "180+1"]
[EndTime "10:40:55 PDT"]
[Termination "Kostya_Nikologorskiy won by resignation"]

1. d4 d5 2. c4 Nc6 3. Nf3 Bg4 4. e3 e6 5. Be2 Nf6 6. O-O a6 7. b3 Bd6 8. h3 Bh5 9. Bb2 O-O 10. Ne5 Bxe2 11.
Qxe2 Bxe5 12. dxe5 Nd7 13. e4 dxc4 14. Rd1 Qc8 15.
Qxc4 Ndxe5 16. Qc3 f6 17. f4 Ng6 18. Qg3 Qe8 19. Nc3 Rf7 20. h4 Rd8 21. h5 Nf8 22. h6 Rfd7 23. f5 Ne5 24. fxe6 Nxe6 25. Nd5 Qg6 26.
Bxe5 fxe5 27. Qxe5 Qxh6 28. Rd3 c6 29. Rh3 Qg6 30. Rg3 Rxd5 31. exd5 Rxd5 32. Qb8+ Rd8 33. Qxd8+ Nxd8 34. Rxg6 hxg6 35. Rd1 Nf7 36. Rd7 b5 37. Ra7 Ne5 38. Rxa6 b4 39. Rb6 c5 40. Kf2 Kf7 41. Ke3 g5 42. Ke4 Nd7 43. Rd6 Ke7 44. Rg6 Nf6+ 45.
Kf5 Nd5 46. Rxg7+ Kd6 47. Rg6+ Kd7 48. Kxg5 Nc3 49. Ra6 Kc7 50. g4 Kb7 51. Ra5 Kb6 52.
Ra8 Kb7 53. Re8 Nxa2 54. Kf6 Nc1 55. Re3 Kc6 56. g5 Nxb3 57. Rxb3 Kb5 58. g6 c4 59. Rb1 c3 60. g7 c2 61. Rg1 b3 62. g8=Q b2 63. Qb3+ 1-0

[Event "*** Titled Tuesday Blitz"]
[Site "Chess.com"]
[Date "2021.04.06"]
[Round "4"]
[White "szabadaba"]
[Black "Titus369"]
[Result "1-0"]
[WhiteElo "2672"]
[BlackElo "2503"]
[TimeControl "180+1"]
[EndTime "10:40:55 PDT"]
[Termination "szabadaba won on time"]

1. e4 c5 2. Nc3 Nc6 3. g3 g6 4. Bg2 Bg7 5. d3 e6 6. Be3 Nge7 7. Bxc5 Qa5 8. Be3 Bxc3+ 9. bxc3 Qxc3+ 10. Bd2 Qg7 11.
Ne2 h5 12. Bc3 e5 13. h3 d6 14. f4 Bd7 15. O-O O-O 16. d4 exd4 17. Nxd4 Nxd4 18. Bxd4 f6 19. Bb2 Rfd8 20. Qd4 Nc6 21. Qxf6 Qxf6 22. Bxf6 Re8 23. Rfd1 Be6 24. Rxd6 Rac8 25. c3 Na5 26. e5 Rxc3 27. Rxe6 Rxe6 28. Bd5 Kf7 29. g4 Rd3 30. Bxe6+ Kxe6 31. Kg2 hxg4 32. hxg4 Nc4 33. Rc1 b5 34. a4 a6 35. axb5 axb5 36. Kf2 Kd5 37. Re1 Ke6 38. Ra1 Ra3 39. Rb1 Ra2+ 40. Kg3 Rb2 41.
Ra1 Rb3+ 42. Kh4 b4 43. Ra6+ Kd5 44. e6 Re3 45. e7 Nd6 46. Kg5 b3 47. Kxg6 Re6 48.
Rb6 Ne8 49. Rxe6 Kxe6 50. Bb2 Kxe7 51. f5 Kf8 52. g5 Nd6 53. Ba3 Kg8 54. f6 Nf7 55.
Bb2 Nd6 56. Kh6 Nf5+ 57. Kh5 Kf7 58. g6+ Ke6 59. f7 1-0